 Dungeon Crawl Stone Soup version 0.24-a0-619-gb7544fd237 (webtiles) character file.

Game seed: 7464018911706740464, levelgen mode: deterministic

450 Oninnaise the Chopper (level 6, -20/42 HPs)
             Began as a Demonspawn Chaos Knight on Sept 17, 2019.
             Was a Plaything of Xom.
             Demolished by an ogre
             ... wielding a +0 giant spiked club
              (32 damage)
             ... on level 4 of the Dungeon.
             The game lasted 00:05:08 (2978 turns).

Oninnaise the Chopper (Demonspawn Chaos Knight)     Turns: 2978, Time: 00:05:09

Health: -20/42     AC:  4    Str: 14    XL:     6   Next: 74%
Magic:  6/6        EV: 11    Int: 11    God:    Xom [......]
Gold:   292        SH:  0    Dex: 15    Spells: 5/5 levels left

rFire    . . .     SeeInvis .   a - +0 hand axe (chaos)
rCold    . . .     Gourm    .   (no shield)
rNeg     . . .     Faith    .   b - +3 leather armour
rPois    .         Spirit   .   (helmet unavailable)
rElec    .         Reflect  .   (no cloak)
rCorr    .         Harm     .   (no gloves)
MR       .....                  (no boots)
Stlth    ++........             (no amulet)
HPRegen  0.14/turn              g - ring of wizardry
MPRegen  0.10/turn              (no ring)

@: no status effects
A: horns 3, agile 1, blurry vision 1, deformed body, dopey 1, frail 1, spiny 1
a: Renounce Religion


You were on level 4 of the Dungeon.
You worshipped Xom.
You were a very special plaything of Xom.
You were not hungry.

You visited 1 branch of the dungeon, and saw 4 of its levels.

You collected 292 gold pieces.

Inventory:

Hand Weapons
 a - a +0 hand axe of chaos (weapon)
Armour
 b - a +3 leather armour (worn)
Jewellery
 g - a ring of wizardry (left hand)
 h - an uncursed amulet of faith
Wands
 i - a wand of clouds (6)
 l - a wand of flame (7)
Scrolls
 e - 7 scrolls of teleportation
 f - 6 scrolls of identify
Potions
 d - a potion of invisibility
 j - a potion of flight {unknown}
 m - 2 potions of curing
Comestibles
 c - 11 rations


   Skills:
 - Level 3.0 Fighting
 + Level 6.9 Axes
 - Level 1.7 Armour
 - Level 0.8 Dodging
 - Level 1.1 Stealth


You had 5 spell levels left.
You didn't know any spells.
Your spell library was empty.

Dungeon Overview and Level Annotations

Branches:
Dungeon (4/15)
 Temple: D:4-7

Altars:
Kikubaaqudgha
Makhleb
Wu Jian


Innate Abilities, Weirdness & Mutations

You have a pair of large horns on your head.
You are partially covered in sharp spines.
You are agile. (Dex +2)
Scrolls take you a little longer to read.
Armour fits poorly on your strangely shaped body.
You are dopey. (Int -2)
You are frail. (-10% HP)


Message History

You hit the orc. You freeze the orc.
You kill the orc!
The orc's corpse disappears in a puff of smoke!
The ogre hits you with a +0 giant spiked club!
The orc wizard hits you but does no damage.
Really read with blurry vision while enemies are nearby? [Y]es or [N]o only, please.
Really read with blurry vision while enemies are nearby? [Y]es or [N]o only, please.
Really read with blurry vision while enemies are nearby?
The wyvern bites you!
You begin reading the scroll.
You continue reading the scroll.
The wyvern is struck by your spines. The wyvern bites you.
* * * LOW HITPOINT WARNING * * *
The orc barely misses you. The orc wizard barely misses you.
The orc wizard hits you but does no damage.
The ogre hits you with a +0 giant spiked club!!
Ouch! That really hurt!
You die...
Xom chuckles heartily!

###############
...............
########......#
#...[..# #......#
###### #......#
#....#########......#
+..olo...............
#..o@################
#..oO# ###### ######


You could see a wyvern, an ogre, 2 orc wizards and 2 orcs.

Vanquished Creatures
  3 ogres (D:4)
  An orc wizard (D:4)
  A worker ant (D:4)
  4 gnolls
  3 adders (D:2)
  An adder skeleton (D:4)
  A worm (D:2)
  3 dart slugs
  4 leopard geckos
  3 orcs
  3 giant cockroaches
  13 goblins
  7 hobgoblins
  3 jackals (D:4)
  2 quokkas
  3 bats
  4 frilled lizards
  7 kobolds
  10 rats
76 creatures vanquished.

Notes
Turn   | Place    | Note
-------+----------+-------------------------------------------
     0 | D:1      | Oninnaise the Demonspawn Chaos Knight began the quest for
                  | the Orb.
     0 | D:1      | Reached XP level 1. HP: 18/18 MP: 1/1
     6 | D:1      | XOM: potion effect (brilliance)
    59 | D:1      | Reached skill level 3 in Axes
   102 | D:1      | XOM: smoke on damage
   105 | D:1      | Gained mutation: You are partially covered in sharp spines.
                  | [demonic ancestry]
   105 | D:1      | Reached XP level 2. HP: 23/24 MP: 2/2
   188 | D:1      | XOM: harmless Fire miscast
   211 | D:1      | Gained mutation: You have a pair of small horns on your
                  | head. [demonic ancestry]
   211 | D:1      | Reached XP level 3. HP: 29/29 MP: 3/3
   266 | D:1      | Reached skill level 4 in Axes
   595 | D:2      | Found an ornate altar of the Wu Jian Council.
   595 | D:2      | Found a burning altar of Makhleb.
   617 | D:2      | Gained mutation: You have a pair of horns on your head.
                  | [demonic ancestry]
   617 | D:2      | Reached XP level 4. HP: 28/35 MP: 4/4
   676 | D:2      | XOM: give mutation
   676 | D:2      | Gained mutation: You are agile. (Dex +2) [Xom's mischief]
   822 | D:2      | XOM: 9-stop teleportation journey
  1004 | D:2      | XOM: noise
  1294 | D:3      | XOM: medium Conj miscast
  1335 | D:3      | Found an ancient bone altar of Kikubaaqudgha.
  1740 | D:3      | XOM: give mutations
  1740 | D:3      | Gained mutation: Armour fits poorly on your strangely
                  | shaped body. [Xom's mischief]
  1740 | D:3      | Gained mutation: Scrolls take you a little longer to read.
                  | [Xom's mischief]
  1740 | D:3      | Gained mutation: You are frail. (-10% HP) [Xom's mischief]
  1740 | D:3      | Gained mutation: You are dopey. (Int -2) [Xom's mischief]
  1955 | D:3      | XOM: harmless Tloc miscast
  2010 | D:4      | XOM: stat loss: -1 Dex (14/15)
  2043 | D:4      | Reached skill level 5 in Axes
  2102 | D:4      | Noticed an ogre
  2108 | D:4      | Killed an ogre
  2108 | D:4      | Reached skill level 1 in Stealth
  2108 | D:4      | Reached XP level 5. HP: 36/36 MP: 5/5
  2209 | D:4      | Noticed an ogre
  2219 | D:4      | Killed an ogre
  2219 | D:4      | Reached skill level 6 in Axes
  2219 | D:4      | Gained mutation: You have a pair of large horns on your
                  | head. [demonic ancestry]
  2219 | D:4      | Reached XP level 6. HP: 24/42 MP: 6/6
  2618 | D:4      | XOM: chaos upgrade
  2756 | D:4      | XOM: 3-stop teleportation journey
  2975 | D:4      | XOM: summons 2 hostile shadow creatures
  2976 | D:4      | Noticed a wyvern
  2978 | D:4      | Demolished by an ogre

Levels and vault maps discovered:
D:1:      dpeg_arrival_houses_and_road, layout_rooms, minmay_unequal
D:2:      layout_loops_ring, gammafunk_temple_overflow_wave, first_ration,
          minivault_4
D:3:      layout_loops_corners, overflow_temple_1_default,
          minmay_fractal_squares_gapless_5
D:4:      layout_basic

Skill      XL: |  1  2  3  4  5 |
---------------+----------------+-----
Axes           | 3 4 5 6 |  6.9
Stealth        | 1 |  1.1
Fighting       | |  3.0
Armour         | |  1.7
Dodging        | |  0.8

Action                   |  1- 3 |  4- 6 || total
-------------------------+-------+-------++-------
Melee: Hand axe          |    73 |    81 ||   154
       Headbutt          |    10 |    17 ||    27
  Use: Scroll            |     3 |     4 ||     7
       Potion            |       |     3 ||     3
 Stab: Petrified         |       |     3 ||     3
       Sleeping          |       |     2 ||     2
       Confused          |       |     1 ||     1
  Eat: Ration            |       |     2 ||     2
Armor: Leather armour    |    34 |    11 ||    45
Dodge: Dodged            |    44 |    46 ||    90

Table legend:
 A = Non-vault XP
 B = Vault XP
 C = Vault XP percentage of total XP
 D = Non-vault monster count
 E = Vault monster count
 F = Vault count percentage of total count
                 A         B        C        D         E       F
            +---------+---------+-------+---------+---------+-------
      Total |     633 |      11 |   1.7 |      69 |       7 |   9.2
            +---------+---------+-------+---------+---------+-------
        D:1 |      58 |       6 |   9.4 |      25 |       4 |  13.8
        D:2 |      75 |       0 |   0.0 |      20 |       0 |   0.0
        D:3 |      17 |       5 |  22.7 |      10 |       3 |  23.1
        D:4 |     483 |       0 |   0.0 |      14 |       0 |   0.0
            +---------+---------+-------+---------+---------+-------
